 Dungeon Sprint DCSS version 0.18-a0-1293-g5a2c81a (webtiles) character file.

33 Kidiri the Sneak (level 3, -1/17 HPs)
             Began as a Spriggan Enchanter on Feb 10, 2016.
             Slain by a human (6 damage)
             ... in the Dungeon (Sprint III: "The Ten Rune Challenge").
             The game lasted 00:01:56 (583 turns).

Kidiri the Sneak (Spriggan Enchanter)                Turns: 583, Time: 00:01:56

Health: -1/17      AC:  3    Str:  4    XL:     3   Next: 12%
Magic:  6/9        EV: 20    Int: 17    God:
Gold:   0          SH:  0    Dex: 16    Spells: 2 memorised, 7 levels left

rFire  . . .     SeeInvis +     a - +1 dagger
rCold  . . .     Gourm    .     b - +1 robe
rNeg   . . .     Faith    .     (shield restricted)
rPois  .         Spirit   .     (helmet restricted)
rElec  .         Dismiss  .     (no cloak)
rCorr  .         Reflect  .     (gloves unavailable)
SustAt .         Harm     .     (boots unavailable)
MR     .....     NoTele   +     (no amulet)
Stlth  ++++......               (no ring)
                                (no ring)

@: very quick, not resistant to hostile enchantments, stealthy
A: unfitting armour, see invisible, herbivore 3, speed 3, slow metabolism 2
a: no special abilities


You were in the Dungeon.
You were not hungry.

You visited 1 branch

Inventory:

Hand Weapons
 a - a +1 dagger (weapon)
Armour
 b - a +1 robe (worn)
Scrolls
 j - a scroll of blinking
Potions
 e - a potion of curing
 f - a potion of heal wounds
 g - a potion of haste
 h - 2 potions of magic
Books
 c - a book of Maledictions

   Spells                             Type                      Level
   a - Corona                         Hexes                        1
   b - Ensorcelled Hibernation        Hexes/Ice                    2
   c - Confuse                        Hexes                        3
   d - Tukima's Dance                 Hexes                        3
   e - Dazzling Spray                 Conjuration/Hexes            3
Comestibles
 d - a bread ration


   Skills:
 + Level 0.4 Fighting
 * Level 2.5 Short Blades
 + Level 0.4 Armour
 * Level 4.7 Dodging
 * Level 6.1 Stealth
 * Level 4.1 Spellcasting
 + Level 5.0 Hexes
 + Level 0.4 Ice Magic


You had 7 spell levels left.
You knew the following spells:

 Your Spells              Type           Power        Failure   Level  Hunger
a - Corona                Hex            ###....      1%          1    None
b - Ensorcelled Hibernat  Hex/Ice        ##....       10%         2    ##.....


Dungeon Overview and Level Annotations

Branches:
Dungeon (1/1)

Altars:


Innate Abilities, Weirdness & Mutations

You are tiny and cannot use many weapons and most armour.
You have supernaturally acute eyesight.
You are a herbivore.
You cover ground extremely quickly.
You need consume almost no food.


Message History

Unknown command.
Unknown command.
Unknown command.
Unknown command.
Unknown command.
Unknown command.
Okay, then.
Unknown command.
You barely miss the human.
The human is almost dead.
The human hits you.
* * * LOW HITPOINT WARNING * * *
Unknown command.
Casting: Ensorcelled Hibernation
Confirm with . or Enter, or press ? or * to list all spells.
Aiming: Corona
Press: ? - help, Shift-Dir - straight line, f/p - human
Aim: a human (almost dead, chance to defeat MR: 59%)
The human is outlined in light.
The human hits you.
You die...

▓▓▓▓▓▓▓▓▓
▓<..#...#### .#
▓...#......## .#
▓..##.......# ..#
▓##.##.##...# ..#
##.##.###..# #..#
▓#.####.##..# ...+
▓.###..##..####p..#
▓#.....##..###@...#
###..##...##.....#
##..##....#......#
#..###..##.#.....#
#).# #..#####....#
▓▓▓▓ ▓▓▓▓ ▓▓▓▓▓▓


You could see a human.

Vanquished Creatures
  A wolf (D)
  2 oozes (D)
  2 rats (D)
5 creatures vanquished.

Vanquished Creatures (others)
  2 draconian scorchers (D)
  2 yaktaurs (D)
4 creatures vanquished.

Grand Total: 9 creatures vanquished

Notes
Turn   | Place    | Note
--------------------------------------------------------------
     0 | D        | Kidiri the Spriggan Enchanter began the quest for the Orb.
     0 | D        | Reached XP level 1. HP: 9/9 MP: 5/5
    47 | D        | Killed a yaktaur
   139 | D        | Reached skill level 5 in Stealth
   139 | D        | Reached XP level 2. HP: 13/13 MP: 7/7
   143 | D        | Learned a level 2 spell: Ensorcelled Hibernation
   163 | D        | Killed a white draconian scorcher
   183 | D        | Noticed a wolf
   185 | D        | Killed a white draconian scorcher
   213 | D        | Killed a wolf
   213 | D        | Reached skill level 6 in Stealth
   213 | D        | Reached skill level 5 in Hexes
   213 | D        | Reached XP level 3. HP: 5/17 MP: 0/9
   525 | D        | Killed a yaktaur
   583 | D        | Slain by a human

Vault maps used:
D:        dungeon_sprint_mu

Action                   || total
-------------------------++-------
Melee: Dagger            ||    19
 Cast: Corona            ||     2
       Ensorcelled Hiber ||     5
  Use: Potion            ||     2
 Stab: Sleeping          ||     3
